 Dungeon Crawl Stone Soup version 0.29-a0-823-gc37b1572da (webtiles) character file.

Game seed: 15469953551669200360

31 LynnLen the Sneak (level 3, -3/19 HPs)
             Began as a Vampire Enchanter on July 9, 2022.
             Slain by a worm (8 damage)
             ... on level 2 of the Dungeon.
             The game lasted 00:05:13 (1537 turns).

LynnLen the Sneak (Vampire Enchanter)               Turns: 1537, Time: 00:05:14

Health: -3/19      AC:  2    Str:  7    XL:     3   Next: 7%
Magic:  6/6        EV: 12    Int: 19    God:
Gold:   61         SH:  0    Dex: 14    Spells: 0/6 levels left

rFire   . . .      SeeInvis +   a - +1 dagger
rCold   + + .      Faith    .   (no shield)
rNeg    + + +      Spirit   .   b - +0 robe
rPois   ∞          Reflect  .   (no helmet)
rElec   .          Harm     .   (no cloak)
rCorr   .          Rampage  .   (no gloves)
Will    .....                   (no boots)
Stlth   +++++.....              (no amulet)
HPRegen 0.00/turn               (no ring)
MPRegen 0.10/turn               (no ring)

@: mighty, bloodless, inhibited regen
A: bloodless, fangs 3, see invisible, vampiric 2
a: Bat Form, Revivify


You were on level 2 of the Dungeon.
You visited 1 branch of the dungeon, and saw 2 of its levels.

You collected 61 gold pieces.

Inventory:

Hand Weapons
 a - a +1 dagger (weapon)
Missiles
 d - 20 stones (quivered)
Armour
 b - a +0 robe (worn)
Scrolls
 e - a scroll of noise
Potions
 c - 2 potions of invisibility


   Skills:
 + Level 1.7 Short Blades
 * Level 2.3 Dodging
 * Level 5.6 Stealth
 + Level 2.1 Spellcasting
 + Level 4.6 Hexes


You couldn't memorise any spells.
You knew the following spells:

 Your Spells              Type           Power      Damage    Failure   Level
a - Confusing Touch       Hex            19%        N/A       8%          3
b - Tukima's Dance        Hex            19%        N/A       8%          3

Your spell library contained the following spells:

 Spells                   Type           Power      Damage    Failure   Level
 Ensorcelled Hibernation  Hex/Ice        20%        N/A       10%         2
 Dazzling Flash           Conj/Hex       20%        N/A       19%         3
 Cause Fear               Hex            9%         N/A       24%         4
 Passwall                 Tmut/Erth      0%         N/A       26%         2
 Sublimation of Blood     Necr           1%         N/A       26%         2
 Swiftness                Air            1%         N/A       45%         3
 Petrify                  Tmut/Erth      1%         N/A       86%         4
 Blade Hands              Tmut           0%         N/A       99%         5
 Irradiate                Conj/Tmut      0%         3d13      99%         5
 Dragon Form              Tmut           0%         N/A       100%        7
 Dragon's Call            Summ           0%         N/A       100%        9


Dungeon Overview and Level Annotations

Branches:
Dungeon (2/15)

Altars:


Innate Abilities, Weirdness & Mutations

You do not regenerate when monsters are visible.
You are frail without blood (-20% HP).
You can heal yourself when you bite living creatures.
You are immune to poison.
You have razor-sharp teeth.
You have supernaturally acute eyesight. (SInv)
You are afflicted with vampirism and can become a bat while bloodless.


Message History

The bat hits you but does no damage.
You hit the bat.
The bat is moderately wounded.
The bat barely misses you. The bat hits you.
The bat hits you but does no damage. The bat closely misses you.
The rat bites you.
You hit the bat.
You kill the bat!
The rat completely misses you.
You hit the rat.
You kill the rat!
You start resting.
A worm comes into view.
You hit the worm but do no damage. The worm bites you.
You hit the worm.
The worm is lightly wounded.
You hit the worm but do no damage. You bite the worm.
The worm is moderately wounded.
The worm closely misses you.
You hit the worm.
The worm is moderately wounded.
You barely miss the worm.
The worm is moderately wounded.
The worm closely misses you.
You barely miss the worm. You bite the worm.
The worm is moderately wounded.
You hit the worm.
The worm is heavily wounded.
The worm bites you.
* * * LOW HITPOINT WARNING * * *
You hit the worm.
The worm is heavily wounded.
It was a potion of might.
You feel very mighty all of a sudden. The worm closely misses you.
You completely miss the worm. Your bite misses the worm.
The worm is heavily wounded.
The worm bites you!
You die...

.....##.# .....##.#
.....##.########
......#........#
###.#.##.......#
###.#........# ######
#..........# .....S
#.#........#####......
###.....†...@w!.......
#.####......._......
#....#.[............
####.#..............
#.#########...... #.#
...... #.####### .....
#.......# ....
##....#.# ..


You could see a worm.

Vanquished Creatures
  A dart slug (D:1)
  4 endoplasms
  A giant cockroach (D:1)
  A goblin (D:1)
  4 hobgoblins
  2 quokkas (D:1)
  2 ball pythons
  6 bats
  A frilled lizard (D:2)
  3 kobolds (D:1)
  A rat (D:2)
26 creatures vanquished.

Notes
Turn   | Place    | Note
-------+----------+-------------------------------------------
     0 | D:1      | LynnLen the Vampire Enchanter began the quest for the Orb.
     0 | D:1      | Reached XP level 1. HP: 13/13 MP: 3/3
   196 | D:1      | Reached XP level 2. HP: 15/15 MP: 5/5
   221 | D:1      | Reached skill level 5 in Stealth
  1173 | D:1      | Gained mutation: You are afflicted with vampirism and can
                  | become a bat while bloodless. [Vampire growth]
  1173 | D:1      | Reached XP level 3. HP: 5/19 MP: 6/6
  1408 | D:1      | Learned a level 3 spell: Confusing Touch
  1412 | D:1      | Learned a level 3 spell: Tukima's Dance
  1482 | D:2      | Found a faded altar of an unknown god.
  1537 | D:2      | Slain by a worm

Illustrated notes

Levels and vault maps discovered:
D:1:      dpeg_arrival_tiny_a, layout_loops_ring
D:2:      layout_basic, basic_ecumenical_altar, minivault_23,
          minmay_goblin_kobold_house

Skill      XL: |  1  2 |
---------------+-------+-----
Stealth        | 5 |  5.6
Short Blades   | |  1.7
Dodging        | |  2.3
Spellcasting   | |  2.1
Hexes          | |  4.6

Action                   || total
-------------------------++-------
Melee: Dagger            ||    76
       Bite              ||     6
 Abil: Exsanguinate      ||     1
  Use: Scroll            ||     2
       Potion            ||     1
 Stab: Sleeping          ||    15
Armor: Robe              ||     4
Dodge: Dodged            ||    32

Table legend: (Time is in decaauts)
 A = Elapsed time spent in this place.
 B = Non-inter-level travel time spent in this place.
 C = Inter-level travel time spent in this place.
 D = Time resting spent in this place.
 E = Time spent auto-exploring this place.
 F = Levels seen in this place.
 G = Mean time per level.
                   A        B        C        D        E       F      G
               +--------+--------+--------+--------+--------+-----+--------+
         Total |   1532 |   1532 |      0 |    673 |    476 |   2 |  766.0 |
       Dungeon |   1532 |   1532 |      0 |    673 |    476 |   2 |  766.0 |
               +--------+--------+--------+--------+--------+-----+--------+

Top non-repeatable levels by time:
     D:1: 1070 daAuts
     D:2: 462 daAuts
